 Dungeon Crawl Stone Soup version 0.29-a0-542-g075992c915 (webtiles) character file.

Game seed: 134550311029263548

688 oldriver the Cudgeller (level 7, -7/59 HPs)
             Began as a Palentonga Delver on June 4, 2022.
             Mangled by Prince Ribbit (17 damage)
             ... on level 6 of the Dungeon.
             The game lasted 00:06:52 (5273 turns).

oldriver the Cudgeller (Palentonga Delver)          Turns: 5273, Time: 00:06:52

Health: -7/59      AC: 13    Str: 18    XL:     7   Next: 36%
Magic:  7/7        EV:  9    Int: 10    God:
Gold:   295        SH:  0    Dex: 11    Spells: 6/6 levels left

rFire   + . .      SeeInvis +   b - +4 flail
rCold   . . .      Faith    .   (no shield)
rNeg    . . .      Spirit   .   k - +1 ring mail of Tesem {rF+}
rPois   +          Reflect  .   (no helmet)
rElec   .          Harm     .   p - scarf {repulsion}
rCorr   .          Rampage  .   (no gloves)
Will    .....                   (no barding)
Stlth   ++........              (no amulet)
HPRegen 0.19/turn               s - ring of poison resistance
MPRegen 0.10/turn               (no ring)

@: repel missiles, curled up
A: large, rugged brown scales 3, see invisible, deformed body, roll 1, armoured
tail, reflexive curl
a: Rolling Charge


You were on level 6 of the Dungeon.
You visited 1 branch of the dungeon, and saw 6 of its levels.

You collected 295 gold pieces.

Inventory:

Hand Weapons
 b - a +4 flail (weapon)
Missiles
 n - 5 javelins
Armour
 k - the +1 ring mail of Tesem (worn) {rF+}
   (You found it on level 4 of the Dungeon)

   rF:        It protects you from fire.
 l - a +1 scale mail of willpower
 p - a scarf of repulsion (worn)
Jewellery
 q - an amulet of faith
 s - a ring of poison resistance (left hand)
Wands
 g - a wand of digging (3)
 h - a wand of flame (19)
Scrolls
 c - 2 scrolls of fog
 d - a scroll of magic mapping
 e - 2 scrolls of fear
 o - a scroll of vulnerability
 t - a scroll of teleportation
 x - a scroll of poison
Potions
 a - 2 potions of heal wounds {unknown}
 f - 2 potions of haste
 i - a potion of ambrosia {unknown}
 j - 3 potions of flight {unknown}
 m - 2 potions of degeneration
 r - 2 potions of cancellation {unknown}
 u - 3 potions of curing
 v - 2 potions of brilliance {unknown}
 w - a potion of resistance {unknown}


   Skills:
 + Level 5.4 Fighting
 - Level 2.4(4.5) Axes
 * Level 5.9(6.2) Maces & Flails
 - Level 2.0 Dodging
 - Level 3.6 Stealth


You had 6 spell levels left.
You didn't know any spells.
Your spell library contained the following spells:

 Spells                   Type           Power      Damage    Failure   Level
 Blink                    Tloc           0%         N/A       71%         2
 Ensorcelled Hibernation  Hex/Ice        0%         N/A       71%         2
 Passwall                 Tmut/Erth      0%         N/A       71%         2
 Swiftness                Air            0%         N/A       90%         3
 Manifold Assault         Tloc           0%         N/A       100%        5
 Storm Form               Tmut/Air       0%         N/A       100%        7


Dungeon Overview and Level Annotations

Branches:
Dungeon (6/15)
 Temple: D:4-7

Altars:
The Shining One

Shops:
D:1 *

Annotations:
D:4 3 runed translucent doors, FlameOut's ghost, novice DjNe
D:6 Prince Ribbit


Innate Abilities, Weirdness & Mutations

You are completely covered in rugged brown scales. (AC +3, +7% HP)
You have supernaturally acute eyesight. (SInv)
Armour fits poorly on your strangely shaped body.
You can roll at nearby foes to attack.
You have a long armoured tail.
You curl defensively after being hit. (AC +7*)


Message History

Found a dagger.
Prince Ribbit comes into view.
Prince Ribbit is nearby!
Prince Ribbit is nearby!
You roll forward with a clatter of scales!
Found a stone staircase leading up.
Prince Ribbit croaks.
You barely miss Prince Ribbit. Prince Ribbit hits you! Prince Ribbit hits you.
You miss Prince Ribbit.
Prince Ribbit blinks!
You start resting.
Prince Ribbit is nearby!
You roll forward with a clatter of scales!
You thump Prince Ribbit!
You tail-slap Prince Ribbit, but do no damage.
Prince Ribbit is moderately wounded.
Prince Ribbit completely misses you. Prince Ribbit barely misses you.
You hit Prince Ribbit.
Prince Ribbit is heavily wounded.
Prince Ribbit hits you!
You completely miss Prince Ribbit.
Prince Ribbit is heavily wounded.
Prince Ribbit blinks!
You roll forward with a clatter of scales!
You miss Prince Ribbit.
Prince Ribbit is heavily wounded.
Prince Ribbit closely misses you.
You closely miss Prince Ribbit.
Your tail-slap misses Prince Ribbit.
Your punch misses Prince Ribbit.
Prince Ribbit is heavily wounded.
Prince Ribbit hits you.
Prince Ribbit croaks regally.
Prince Ribbit hits you.
You closely miss Prince Ribbit.
Prince Ribbit is heavily wounded.
Prince Ribbit hits you!
* * * LOW HITPOINT WARNING * * *
You barely miss Prince Ribbit.
Prince Ribbit is heavily wounded.
Prince Ribbit hits you!
You die...

#..###......#
#..........#
#.####....# ## .
#.####...###.## .#
#......)..#...#...
######..##..#...<.
#..........
##.###F.#.
#..°@..#
#.###....... #.#
....#.# #.# #####
#.# ... ..# ...
#.##


You could see Prince Ribbit.

Vanquished Creatures
  An ogre (D:5)
  A scorpion (D:4)
  A necrophage (D:4)
  An orc priest (D:5)
  3 hounds
  Terence (D:3)
  An iguana (D:4)
  Natasha (D:2)
  2 orc wizards (D:5)
  4 gnolls (D:2)
  9 adders
  An ufetubus (D:5)
  3 dart slugs (D:1)
  20 orcs
  4 ball pythons
  7 bats
  7 endoplasms
  2 giant cockroaches
  5 goblins
  6 hobgoblins
  5 quokkas
  6 frilled lizards
  9 kobolds
  6 rats
106 creatures vanquished.

Notes
Turn   | Place    | Note
-------+----------+-------------------------------------------
     0 | D:5      | oldriver the Palentonga Delver began the quest for the Orb.
     0 | D:5      | Reached XP level 1. HP: 19/19 MP: 1/1
   212 | D:4      | Identified the +1 ring mail of Tesem {rF+}
   226 | D:4      | Noticed a hound
   244 | D:4      | Killed a hound
   245 | D:4      | Reached XP level 2. HP: 11/25 MP: 2/2
   245 | D:4      | Reached XP level 3. HP: 14/31 MP: 3/3
  1113 | D:3      | Noticed Terence
  1134 | D:3      | Killed Terence
  1135 | D:3      | Reached skill level 1 in Maces & Flails
  1135 | D:3      | Reached XP level 4. HP: 29/39 MP: 4/4
  1452 | D:3      | Found a faded altar of an unknown god.
  2295 | D:1      | Found Plog's General Store.
  2924 | D:2      | Reached XP level 5. HP: 41/44 MP: 5/5
  2926 | D:2      | Found a glowing golden altar of the Shining One.
  3214 | D:2      | Noticed Natasha
  3215 | D:2      | Killed Natasha
  3664 | D:4      | Reached XP level 6. HP: 33/52 MP: 6/6
  3664 | D:4      | Found a runed translucent gate.
  4028 | D:4      | Noticed a two-headed ogre
  4042 | D:4      | Noticed FlameOut's ghost (novice DjNe)
  4047 | D:4      | Found a runed translucent gate.
  4047 | D:4      | Found a runed translucent gate.
  4578 | D:4      | Reached skill level 5 in Fighting
  4578 | D:4      | Reached skill level 5 in Maces & Flails
  4646 | D:5      | Gained mutation: You curl defensively after being hit. (AC
                  | +7*) [Palentonga growth]
  4646 | D:5      | Reached XP level 7. HP: 49/59 MP: 7/7
  5260 | D:6      | Noticed Prince Ribbit
  5273 | D:6      | Mangled by Prince Ribbit

Illustrated notes

Levels and vault maps discovered:
D:1:      dpeg_arrival_short_road, layout_loops_corners, serial_shops, shop,
          roderic_serpentine_path
D:2:      layout_rooms, basic_altar, kennysheep_generic_room_11, uniq_natasha
D:3:      layout_loops_corners, ebering_ecumenical_altar_rust,
          kennysheep_flooded_box, uniq_terence
D:4:      layout_basic, gammafunk_ghost_split
D:5:      layout_rooms
D:6:      layout_loops_ring, uniq_prince_ribbit1, uniq_maggie

Skill      XL: |  1  2  3  4  5  6 |
---------------+-------------------+-----
Dodging        | 2 |  2.0
Maces & Flails | 1 2 4 5 |  5.9
Fighting       | 4 5 |  5.4
Axes           | |  2.4
Stealth        | |  3.6

Action                   |  1- 3 |  4- 6 |  7- 9 || total
-------------------------+-------+-------+-------++-------
Melee: Hand axe          |    39 |       |       ||    39
       Tailslap          |     6 |    19 |     6 ||    31
       Flail             |    27 |   194 |    37 ||   258
       Punch             |     1 |     2 |       ||     3
 Abil: Rolling Charge    |    11 |    59 |     8 ||    78
  Use: Scroll            |       |     6 |       ||     6
 Stab: Sleeping          |       |     1 |       ||     1
Armor: Ring mail         |    30 |    76 |    10 ||   116
       Leather armour    |     1 |       |       ||     1
Dodge: Dodged            |    22 |    74 |    17 ||   113

Table legend: (Time is in decaauts)
 A = Elapsed time spent in this place.
 B = Non-inter-level travel time spent in this place.
 C = Inter-level travel time spent in this place.
 D = Time resting spent in this place.
 E = Time spent auto-exploring this place.
 F = Levels seen in this place.
 G = Mean time per level.
                   A        B        C        D        E       F      G
               +--------+--------+--------+--------+--------+-----+--------+
         Total |   5334 |   5236 |     98 |   1092 |   3037 |   6 |  889.0 |
       Dungeon |   5334 |   5236 |     98 |   1092 |   3037 |   6 |  889.0 |
               +--------+--------+--------+--------+--------+-----+--------+

Top non-repeatable levels by time:
     D:4: 1519 daAuts
     D:3: 1321 daAuts
     D:1: 1008 daAuts
     D:5: 873 daAuts
     D:2: 578 daAuts
     D:6: 32 daAuts
